Map: Fields of Death

Players

Gordon

  • Race: Terran Terran
  • League: Platinum

badzi

  • Race: Terran Terran

neulaender

  • Race: Zerg Zerg

Baumdoktor

  • Race: Protoss Protoss

VOD

Have the link to the VOD?

Description

Time

  • Played on: Oct. 16, 2016, 11:25 a.m.
  • Length: 8:11
Show
View Real Time Build Order
Export as new Build Order

Gordon Terran 

Build Orders: MMM Bio 

Get SALT Encoding   

  12  0:01  SCV  
  13  0:13  SCV  
  14  0:22  Supply Depot  
  14  0:29  SCV  
  15  0:44  SCV  
  15  0:47  Barracks  
  16  0:54  Refinery  
  16  0:56  SCV  
  17  1:08  SCV  
  18  1:20  SCV  
  19  1:35  Orbital Command  
  19  1:57  Command Center  
  19  2:00  Barracks Reactor  
  19  2:02  SCV  
  19  2:04  Barracks  
  20  2:15  SCV  
  21  2:21  Factory  
  21  2:28  SCV  
  22  2:36  Marine  
  23  2:41  Supply Depot  
  23  2:46  Supply Depot  
  23  2:50  Barracks Tech Lab  
  23  2:54  Barracks  
  23  3:02  SCV, Marine  
  23  3:03  Refinery  
  23  3:04  Factory Reactor  
  25  3:15  Marine, SCV  
  25  3:16  Marine  
  25  3:19  Stimpack  
  27  3:37  SCV  
  27  3:38  Orbital Command  
  28  3:42  Supply Depot  
  28  3:52  Factory Tech Lab, Barracks Reactor, Marine  
  28  3:53  Marine  
  30  3:57  Marine  
  30  4:00  SCV  
  32  4:06  Starport  
  32  4:19  Marine  
  32  4:20  Marine x2  
  32  4:22  Bunker  
  32  4:23  Widow Mine  
  37  4:31  Supply Depot  
  37  4:32  SCV  
  37  4:34  SCV  
  37  4:37  Marine  
  40  4:39  Marine  
  40  4:44  SCV  
  42  4:46  SCV  
  42  4:47  Medivac  
  42  4:52  Medivac  
  41  5:09  Marine x4  
  41  5:10  Marine  
  41  5:12  Siege Tank  
  41  5:13  SCV x2  
  51  5:16  Supply Depot  
  51  5:23  Combat Shields  
  51  5:26  SCV  
  51  5:27  SCV  
  53  5:31  Marine  
  53  5:32  Marine x2  
  53  5:34  Marine  
  57  5:36  Marine  
  57  5:39  SCV x2  
  57  5:40  Medivac, Supply Depot  
  62  5:49  Marine  
  63  5:54  SCV x2  
  63  5:56  Refinery  
  65  5:58  Refinery  
  65  5:59  Marine x4  
  69  6:04  Supply Depot  
  69  6:06  SCV x2  
  69  6:08  Siege Tank  
  74  6:23  Medivac  
  76  6:33  Supply Depot  
  76  6:39  Engineering Bay, Marine x3, SCV x2  
  80  6:40  Marine x2  
  80  6:41  Engineering Bay  
  83  6:56  SCV x2  
  83  6:57  Marine x4  
  83  6:58  Marine  
  90  7:15  Marine x4  
  92  7:16  Marine  
  95  7:33  Marine x2, SCV x2  
  95  7:34  Marine x3  
  102  7:52  Marine  
Show
View Real Time Build Order
Export as new Build Order

badzi Terran 

Build Orders: MMM Bio 

Get SALT Encoding   

  12  0:01  SCV  
  13  0:19  Supply Depot  
  13  0:20  SCV  
  14  0:32  SCV  
  15  0:42  Barracks  
  15  0:57  Barracks  
  15  1:01  Refinery  
  15  1:02  SCV  
  16  1:14  SCV  
  17  1:32  SCV  
  18  1:38  Marine  
  19  1:44  Marine  
  20  1:56  Marine  
  21  2:02  Command Center, Marine  
  22  2:15  Barracks Reactor  
  22  2:24  Barracks Tech Lab  
  23  2:46  Refinery, Orbital Command  
  22  2:54  Factory  
  22  2:58  Supply Depot  
  22  3:14  Marauder  
  22  3:18  SCV x2  
  26  3:21  Supply Depot  
  26  3:30  SCV x2  
  28  3:40  Factory Tech Lab, Starport  
  28  3:46  SCV x2  
  30  3:54  Stimpack  
  30  3:58  SCV x2  
  32  4:08  Siege Tank  
  35  4:21  Starport Reactor  
  35  4:25  Marine x3  
  38  4:32  SCV  
  38  4:35  Supply Depot  
  39  4:43  Marine x3  
  39  4:44  SCV  
  34  5:27  Siege Tank  
  34  5:28  Medivac x2  
  41  5:30  Marine x2  
  41  5:31  Marine  
  44  5:47  Marine  
  44  5:48  Marine  
  46  5:57  Supply Depot  
  46  6:09  Marine x3  
  49  6:26  Combat Shields  
  49  6:27  Marine x2  
  49  6:28  Marauder  
  49  6:29  Siege Tank  
  56  7:10  Marine x3  
  59  7:28  Marine x3  
  62  7:49  Marine x3  
Show
View Real Time Build Order
Export as new Build Order

neulaender Zerg 

Build Orders: Pool First, Zergling Baneling 

Get SALT Encoding   

  12  0:01  Drone  
  13  0:12  Overlord  
  13  0:18  Drone  
  14  0:36  Spawning Pool  
  14  0:38  Drone  
  14  0:42  Extractor  
  13  0:45  Drone  
  13  0:49  Drone  
  15  0:53  Drone  
  16  1:02  Drone  
  17  1:13  Drone  
  18  1:22  Queen, Drone  
  21  1:32  Overlord  
  21  1:49  Drone  
  22  1:57  Drone  
  23  2:08  Zergling x2  
  23  2:09  Metabolic Boost  
  23  2:11  Hatchery  
  23  2:16  Evolution Chamber  
  23  2:30  Drone  
  23  2:31  Drone  
  23  2:32  Evolution Chamber  
  23  2:35  Zergling x6  
  27  2:43  Baneling Nest, Drone  
  27  2:49  Zerg Melee Weapons Level 1  
  27  2:55  Extractor  
  27  2:56  Zergling x2  
  27  3:05  Drone x2  
  27  3:06  Drone  
  30  3:18  Overlord  
  30  3:36  Overlord  
  30  3:37  Zergling x2  
  30  3:38  Zergling x4  
  30  3:39  Zerg Ground Armor Level 1  
  33  3:50  Zergling x2  
  34  3:57  Zergling x2  
  35  4:06  Lair  
  35  4:07  Zergling x2  
  35  4:08  Zergling x4  
  38  4:16  Baneling  
  37  4:17  Baneling x5  
  37  4:24  Zergling x4  
  39  4:30  Baneling  
  39  4:31  Baneling x7  
  39  4:32  Baneling x4  
  39  4:36  Zergling x2  
  40  4:49  Hatchery  
  35  5:07  Zergling x6  
  28  5:28  Spire  
  27  5:43  Zergling x6  
  30  5:50  Drone x2  
  30  5:55  Drone  
  33  5:57  Drone  
  34  6:08  Drone, Hatchery  
  34  6:14  Drone  
  34  6:17  Queen  
  37  6:26  Drone  
  37  6:42  Zergling x2  
  37  6:43  Zergling x8  
  42  6:48  Zergling x2  
  42  6:49  Zergling x2  
  42  6:54  Baneling x10  
  44  6:57  Baneling  
  44  7:02  Baneling x2  
  44  7:07  Drone x2  
  45  7:12  Baneling x2  
  45  7:27  Drone x2  
  45  7:29  Extractor  
  46  7:31  Extractor  
  45  7:42  Drone x3  
Show
View Real Time Build Order
Export as new Build Order

Baumdoktor Protoss 

Build Orders: 1 Gate Expand 

Get SALT Encoding   

  12  0:02  Probe (Chrono Boost)  
  13  0:13  Probe (Chrono Boost)  
  14  0:19  Pylon  
  14  0:25  Probe (Chrono Boost)  
  15  0:37  Probe (Chrono Boost)  
  15  0:41  Gateway  
  16  0:48  Probe (Chrono Boost)  
  17  0:58  Probe (Chrono Boost)  
  18  1:15  Nexus  
  18  1:22  Pylon  
  18  1:24  Probe (Chrono Boost)  
  19  1:30  Assimilator  
  19  1:39  Assimilator  
  19  1:45  Cybernetics Core  
  19  1:48  Probe (Chrono Boost)  
  20  2:05  Probe (Chrono Boost)  
  21  2:16  Probe (Chrono Boost)  
  22  2:26  Probe (Chrono Boost)  
  23  2:33  Robotics Facility  
  23  2:45  Probe (Chrono Boost)  
  23  2:47  Probe (Chrono Boost)  
  25  2:55  Warp Gate, Probe (Chrono Boost)  
  25  2:58  Probe (Chrono Boost)  
  27  3:09  Mothership Core (Chrono Boost)  
  27  3:12  Gateway  
  29  3:15  Gateway  
  29  3:18  Gateway  
  29  3:23  Gateway  
  29  3:29  Pylon  
  29  3:30  Probe (Chrono Boost)  
  29  3:31  Pylon  
  29  3:33  Probe (Chrono Boost)  
  31  3:41  Probe (Chrono Boost)  
  32  3:43  Probe (Chrono Boost)  
  33  3:52  Forge  
  33  3:55  Probe (Chrono Boost)  
  34  4:05  Probe (Chrono Boost), Assimilator  
  35  4:10  Assimilator  
  35  4:16  Probe (Chrono Boost)  
  36  4:38  Robotics Bay  
  36  4:45  Robotics Facility  
  36  5:18  Twilight Council  
  36  5:19  Forge  
  36  5:25  Extended Thermal Lance  
  36  5:32  Protoss Ground Weapons Level 1  
  36  5:37  Immortal  
  36  5:39  Immortal  
  36  5:41  Zealot x3  
  36  5:42  Zealot x2  
  54  5:54  Probe (Chrono Boost)  
  56  5:58  Probe (Chrono Boost)  
  56  6:04  Probe (Chrono Boost)  
  56  6:08  Nexus  
  56  6:10  Probe (Chrono Boost)  
  58  6:15  Probe (Chrono Boost)  
  59  6:19  Pylon  
  59  6:20  Pylon  
  59  6:22  Probe (Chrono Boost)  
  61  6:25  Probe (Chrono Boost)  
  62  6:34  Probe (Chrono Boost)  
  62  6:36  Colossus  
  71  6:44  Colossus  
  71  6:46  Probe (Chrono Boost)  
  75  7:22  Pylon  
  75  7:26  Pylon  
  75  7:32  Pylon  
  75  7:33  Probe x2 (Chrono Boost)  
  75  7:37  Pylon  
  85  7:44  Probe x2 (Chrono Boost)  
  85  7:54  Probe (Chrono Boost)  
  60  8:11  Zealot x2  
Tags
 
Add a new tag
Caveats
  • Supply blocks, unpowered buildings, or Contaminate may cause inaccurate times.
  • Supply counts are checked every 10 seconds.